 Dungeon Crawl Stone Soup version 0.21-a0-110-g8e1637b (webtiles) character file.

398 MackTheKnife the Poker (level 6, 0/37 HPs)
             Began as a Tengu Wanderer on July 7, 2017.
             Slain by a human zombie (5 damage)
             ... in an ossuary.
             The game lasted 00:05:13 (3858 turns).

MackTheKnife the Poker (Tengu Wanderer)             Turns: 3858, Time: 00:05:13

Health: 0/37       AC:  2    Str: 14    XL:     6   Next: 83%
Magic:  5/7        EV: 13    Int: 14    God:
Gold:   113        SH:  0    Dex: 12    Spells: 5/5 levels left

rFire    . . .     SeeInvis +   o - +0 scythe
rCold    . . .     Gourm    .   (shield currently unavailable)
rNeg     + . .     Faith    .   n - +0 robe {rN+}
rPois    .         Spirit   .   l - +0 hat
rElec    .         Reflect  .   (no cloak)
rCorr    .         Harm     .   (no gloves)
MR       .....                  (boots unavailable)
Stlth    ++........             k - amulet of rage {+Rage, !d}
HPRegen  0.12/turn              s - ring of see invisible {sInv, !d}
MPRegen  0.10/turn              (no ring)

@: flying quickly and evasively, quick
A: beak, talons 3, able to fly 1
a: Evoke Berserk Rage


You were in an ossuary.
You were near starving.

You visited 1 branch of the dungeon, and saw 4 of its levels.
You also visited: Ossuary.

You collected 113 gold pieces.

Inventory:

Hand Weapons
 o - a +0 scythe (weapon)
   (You took it off Sigmund on level 2 of the Dungeon)
Armour
 l - a +0 hat (worn)
   (You found it on level 2 of the Dungeon)
 n - a +0 robe of positive energy (worn)
   (You took it off Sigmund on level 2 of the Dungeon)
Jewellery
 k - an amulet of rage (around neck) {+Rage, !d}
   (You found it on level 2 of the Dungeon)
 m - an uncursed ring of fire {rF+, rC-}
   (You found it on level 2 of the Dungeon)
 s - a ring of see invisible (left hand) {sInv, !d}
   (You found it on level 3 of the Dungeon)
Scrolls
 f - a scroll of recharging {unknown}
 h - a scroll of enchant weapon {unknown}
 i - a scroll of enchant armour {unknown}
 j - a scroll of identify
 p - a scroll of remove curse {unknown}
 u - a scroll of teleportation {unknown}
 v - a scroll of magic mapping {unknown}
Potions
 b - 2 potions of curing
 q - a potion of brilliance
 r - a potion of magic
Comestibles
 d - a bread ration {@e1}
 g - 3 meat rations {@e2}
 t - a royal jelly


   Skills:
 - Level 3.1 Fighting
 + Level 6.7 Polearms
 - Level 3.2 Armour
 - Level 1.0 Stealth
   Level 1.3 Hexes
   Level 1.1 Fire Magic
 - Level 1.0 Evocations


You had 5 spell levels left.
You didn't know any spells.

Dungeon Overview and Level Annotations

Branches:
Dungeon (4/15)
 Temple: D:4-7

Altars:
Elyvilon
Fedhas
Trog


Innate Abilities, Weirdness & Mutations

You have a beak for a mouth.
You have claws for feet.
You can fly.


Message History

You destroy the scorpion zombie!
The gnoll zombie closely misses you.
You slash the gnoll zombie! The gnoll zombie closely misses you.
You slash the gnoll zombie!
You destroy the gnoll zombie!
There is an open door, spattered with blood here.
You reach down and close the door.
You start resting.
You are starting to lose your buoyancy.
MP restored: 7 You start resting.
You float gracefully downwards.
Unknown command.
You start resting.
You are feeling very hungry.
You regained 15 hp, and now have 33/37 hp.
Unknown command.
You open the door.
There is an open door, spattered with blood here.
There is an open door here.
You open the door.
You found a needle trap!
There is an open door here.
You found a needle trap!
You open the door.
There is an open door here.
An orc zombie comes into view.
You slash the orc zombie!
You destroy the orc zombie!
No target in view!
No target in view!
Health restored: 37 You open the door.
A mummy comes into view.
You found a needle trap!
There is an open door here.
As you open the door, it creaks loudly!
An orc zombie comes into view.
A centaur zombie comes into view.
There is an open door here.
A hobgoblin zombie comes into view.
A goblin zombie comes into view.
You fail to use your ability.
A spear shoots out and hits you!
Ouch! That really hurt!
There is a spear trap here.
You take 20 damage, and have 17/37 hp.
MASSIVE DAMAGE!!
There is an open door here.
There is an open door here.
You avoid triggering a needle trap.
There is a needle trap here.
You close the door.
You start resting.
You are near starving!
You regained 15 hp, and now have 33/37 hp.
As you open the door, it creaks loudly!
A scorpion and a zombie come into view.
The centaur zombie hits you.
You take 5 damage, and have 28/37 hp.
You slash the centaur zombie! You claw the centaur zombie!
The centaur zombie hits you. x2
You take 4 damage, and have 24/37 hp.
You completely miss the centaur zombie. You claw the centaur zombie.
The centaur zombie closely misses you. The centaur zombie hits you.
You take 4 damage, and have 20/37 hp.
You are too injured to fight recklessly!
You are too injured to fight recklessly!
You swoop lightly up into the air.
You feel very comfortable in the air.
You feel somewhat more hungry. The centaur zombie hits you.
You take 5 damage, and have 15/37 hp.
You now have 4/7 mp.
Unknown command.
You hit the centaur zombie. You peck the centaur zombie.
The centaur zombie hits you.
* * * LOW HITPOINT WARNING * * *
The centaur zombie barely misses you.
You take 4 damage, and have 11/37 hp.
Unknown command.
You slash the centaur zombie!
You destroy the centaur zombie!
The human zombie barely misses you.
You hit the human zombie. You claw the human zombie. You peck the human zombie.
The human zombie hits you.
* * * LOW HITPOINT WARNING * * *
You take 1 damage, and have 11/37 hp.
You closely miss the human zombie. The human zombie closely misses you.
You slash the human zombie! Your peck misses the human zombie.
The human zombie barely misses you. The human zombie hits you.
* * * LOW HITPOINT WARNING * * *
You take 4 damage, and have 7/37 hp.
You barely miss the human zombie. Your peck misses the human zombie.
The human zombie hits you.
* * * LOW HITPOINT WARNING * * *
You take 2 damage, and have 5/37 hp.
Really fly into that needle trap? [Y]es or [N]o only, please.
Really fly into that needle trap?
Okay, then.
The human zombie hits you.
You die...

##########+##
#...#...#!.!#
#...8...#!.!#
#.......#M?.#
##8...8######
#.......#...#
#...8...Z^..#
#...#...#@^.#
########'#######'##
#.....#..^#...#...#
#.....'...#...8...#
.8.....#^..#.......#
.......######8...8##
.Z.....#..?#.......#
....8###..?#...8...#
..... #?..#...#...#


You could see a mummy and a human zombie.

Vanquished Creatures
  Sigmund (D:2)
  A scorpion (Ossuary)
  2 centaur zombies (Ossuary)
  A mummy (D:4)
  5 adders
  A scorpion zombie (Ossuary)
  A worm (D:2)
  A dart slug (D:2)
  3 leopard geckos
  An orc (D:3)
  A ball python (D:3)
  A giant cockroach (D:3)
  A gnoll zombie (Ossuary)
  7 goblins
  5 hobgoblins
  4 jackals (D:1)
  7 kobolds
  2 quokkas (D:3)
  A ball python skeleton (D:3)
  8 bats
  A frilled lizard (D:2)
  An orc zombie (Ossuary)
  3 rats
59 creatures vanquished.

Notes
Turn   | Place    | Note
-------+----------+-------------------------------------------
     0 | D:1      | MackTheKnife the Tengu Wanderer began the quest for the Orb.
     0 | D:1      | MackTheKnife set off with: a +2 spear, a potion of curing, a +0 robe, a bread ration {@e1}
     0 | D:1      | Reached XP level 1. HP: 12/12 MP: 2/2
    97 | D:1      | HP: 3/12 [leopard gecko (2)]
   475 | D:1      | Reached XP level 2. HP: 18/18 MP: 3/3
   893 | D:1      | Reached skill level 3 in Fighting
  1379 | D:2      | Reached skill level 1 in Polearms
  1379 | D:2      | Reached XP level 3. HP: 21/23 MP: 4/4
  1569 | D:2      | Noticed Sigmund
  1739 | D:2      | Killed Sigmund
  1739 | D:2      | Reached skill level 5 in Polearms
  1739 | D:2      | Reached XP level 4. HP: 28/28 MP: 5/5
  1739 | D:2      | Gained mutation: You can fly. [Tengu growth]
  1739 | D:2      | Reached XP level 5. HP: 32/32 MP: 6/6
  2114 | D:2      | Reached XP level 6. HP: 37/37 MP: 7/7
  2745 | D:3      | Found a bloodstained altar of Trog.
  2772 | D:3      | Found a white marble altar of Elyvilon.
  2773 | D:3      | Found a blossoming altar of Fedhas.
  3209 | D:4      | HP: 9/37 [poisoned by an adder]
  3217 | D:4      | HP: 8/37 [poisoned by an adder]
  3463 | D:4      | Found a sand-covered staircase.
  3493 | Ossuary  | Entered an ossuary
  3513 | Ossuary  | HP: 8/37 [centaur zombie (3)]
  3515 | Ossuary  | Reached skill level 6 in Polearms
  3856 | Ossuary  | HP: 7/37 [human zombie (4)]
  3858 | Ossuary  | Slain by a human zombie

Vault maps used:
D:1:      wheals_arrival_linesprint, minmay_misc_feat_diagonals,
          minmay_tromino_v2
D:2:      serial_forest, infiniplex_forest_zigzag_2,
          infiniplex_forest_clump_medium, infiniplex_forest_end_3,
          infiniplex_forest_lined_3, infiniplex_forest_lined_room_2,
          infiniplex_forest_lined_room_2, infiniplex_forest_lined_corner,
          infiniplex_forest_clump_medium, hex_medium, uniq_sigmund
D:3:      gammafunk_temple_overflow_pools, lemuel_round_altar
D:4:      kennysheep_mini, first_bread, gup_ossuary_entry_pyramid
Ossuary:  ossuary_minmay_scorpions

Skill      XL: |  1  2  3  4  5  6 |
---------------+-------------------+-----
Fighting       | 3 |  3.1
Polearms       | 1 5 6 |  6.7
Armour         | |  3.2
Stealth        | |  1.0
Hexes          | |  1.3
Fire Magic     | |  1.1
Evocations     | |  1.0

Action                   |  1- 3 |  4- 6 || total
-------------------------+-------+-------++-------
Melee: Spear             |    62 |     2 ||    64
       Peck              |     4 |    10 ||    14
       Kick              |     6 |    16 ||    22
       Scythe            |       |    90 ||    90
 Abil: Evoke Berserk Rag |     1 |       ||     1
       Fly               |       |     2 ||     2
  Use: Potion            |     1 |     1 ||     2
       Scroll            |       |     4 ||     4
 Stab: Sleeping          |     2 |     5 ||     7
  Eat: Chunk             |     2 |     7 ||     9
Armor: Robe              |    12 |    10 ||    22
Dodge: Dodged            |    31 |    51 ||    82

Vault maps used:
D:1:      wheals_arrival_linesprint, minmay_misc_feat_diagonals,
          minmay_tromino_v2
D:2:      serial_forest, infiniplex_forest_zigzag_2,
          infiniplex_forest_clump_medium, infiniplex_forest_end_3,
          infiniplex_forest_lined_3, infiniplex_forest_lined_room_2,
          infiniplex_forest_lined_room_2, infiniplex_forest_lined_corner,
          infiniplex_forest_clump_medium, hex_medium, uniq_sigmund
D:3:      gammafunk_temple_overflow_pools, lemuel_round_altar
D:4:      kennysheep_mini, first_bread, gup_ossuary_entry_pyramid
Ossuary:  ossuary_minmay_scorpions

Table legend:
 A = Turns spent in this place as a percentage of turns spent in the entire game.
 B = Non-inter-level travel turns spent in this place as a percentage of non-inter-level travel turns spent in the entire game.
 C = Inter-level travel turns spent in this place as a percentage of turns spent in this place.
 D = Turns resting spent in this place as a percentage of non-inter-level travel turns spent in this place.
 E = Turns spent auto-exploring this place as a percentage of non-inter-level travel turns spent in this place.
 F = Non-inter-level travel turns spent in this place divided by the number of levels of this place that you've seen.
                   A       B       C       D       E      F
               +-------+-------+-------+-------+-------+----------------------
         Total | 100.0 | 100.0 |   0.8 |   5.0 |  12.7 | 149.2
       Dungeon |  84.4 |  84.3 |   0.9 |   4.8 |  14.8 | 157.2
       Ossuary |  15.6 |  15.7 |   0.0 |   6.0 |   1.7 | 117.0
               +-------+-------+-------+-------+-------+----------------------

Table legend:
 A = Kills in this place as a percentage of kills in entire the game.
 B = Kills by you in this place as a percentage of kills by you in the entire game.
 C = Kills by friends in this place as a percentage of kills by friends in the entire game.
 D = Other kills in this place as a percentage of other kills in the entire game.
 E = Experience gained in this place as a percentage of experience gained in the entire game.
 F = Experience gained in this place divided by the number of levels of this place that you have seen.
                   A       B       C       D       E      F
               +-------+-------+-------+-------+-------+----------------------
         Total | 100.0 | 100.0 |  -nan |  -nan | 100.0 | 113.8
       Dungeon |  89.8 |  89.8 |  -nan |  -nan |  69.1 |  98.2
       Ossuary |  10.2 |  10.2 |  -nan |  -nan |  30.9 | 176.0
               +-------+-------+-------+-------+-------+----------------------
